 Dungeon Crawl Stone Soup version 0.26-a0-660-gc07710193c (webtiles) character file.

Game seed: 18398705430088605360

30862 dickylongcocking the Impaler (level 13, -12/98 HPs)
             Began as a Merfolk Summoner on Oct 5, 2020.
             Was a High Priest of Okawaru.
             Mangled by a rakshasa (illusionary)
             ... wielding a +0 trident
              (14 damage)
             ... on level 13 of the Dungeon.
             The game lasted 00:24:02 (21224 turns).

dickylongcocking the Impaler (Merfolk Summoner)    Turns: 21224, Time: 00:24:03

Health: -12/98     AC: 17    Str: 10    XL:     13   Next: 54%
Magic:  14/16      EV: 19    Int: 18    God:    Okawaru [*****.]
Gold:   748        SH:  0    Dex: 14    Spells: 7/16 levels left

rFire    . . .     SeeInvis .   j - +4 glaive (venom)
rCold    . . .     Faith    .   (shield currently unavailable)
rNeg     . . .     Spirit   .   p - +0 ring mail
rPois    .         Reflect  .   C - +1 helmet
rElec    .         Harm     .   B - +0 cloak
rCorr    .         Rampage  .   b - +0 pair of gloves
MR       .....                  q - +0 pair of boots
Stlth    +++.......             I - amulet of regeneration
HPRegen  0.66/turn              l - +4 ring of protection
MPRegen  0.15/turn              (no ring)

@: heroism, lightly drained
A: change form in water, swift swim, stealthy swim
a: Heroism, Finesse, Renounce Religion


You were on level 13 of the Dungeon.
You worshipped Okawaru.
Okawaru was extremely pleased with you.
You visited 1 branch of the dungeon, and saw 13 of its levels.
You also visited: Bailey.

You collected 812 gold pieces.
You spent 64 gold pieces at shops.

Inventory:

Hand Weapons
 j - a +4 glaive of venom (weapon)
 G - a +0 vorpal glaive
Armour
 a - a +0 robe
 b - a +0 pair of gloves (worn)
 i - a +0 helmet
 p - a +0 ring mail (worn)
 q - a +0 pair of boots (worn)
 t - the +1 chain mail "Muz Qaos" {MR+ Regen+ Dex+4}
   (You found it on level 8 of the Dungeon)

   It affects your dexterity (+4).
   It affects your resistance to hostile enchantments.
   It increases your rate of regeneration.
 B - a +0 cloak (worn)
 C - a +1 helmet (worn)
Jewellery
 l - a +4 ring of protection (left hand)
 I - an amulet of regeneration (around neck)
Wands
 g - a wand of paralysis (10)
 o - a wand of polymorph (10)
 y - a wand of acid (1)
 A - a wand of digging (6)
Scrolls
 e - 5 scrolls of enchant armour
 f - 5 scrolls of teleportation
 h - 2 scrolls of fog
 m - 2 scrolls of remove curse
 n - 4 scrolls of fear
 r - 5 scrolls of enchant weapon
 v - 3 scrolls of immolation
 F - 2 scrolls of blinking
Potions
 c - a potion of invisibility
 k - 4 potions of brilliance
 s - a potion of berserk rage
 u - 5 potions of flight
 w - a potion of mutation
 x - 8 potions of curing
 z - 2 potions of degeneration
 D - 2 potions of cancellation
 E - 2 potions of resistance
 H - a potion of stabbing


   Skills:
 + Level 8.2(13.0) Fighting
 - Level 19.0(23.8) Polearms
 + Level 3.8(8.7) Armour
 + Level 10.1(15.0) Dodging
 - Level 2.1(7.0) Stealth
 - Level 2.0(1.8) Spellcasting
 * Level 10.8(10.7) Summonings
 * Level 7.8(7.6) Ice Magic
 * Level 0.5(0.3) Invocations


You had 7 spell levels left.
You knew the following spells:

 Your Spells              Type           Power        Failure   Level
b - Call Imp              Summ           #####...     1%          2
c - Call Canine Familiar  Summ           #####...     1%          3
d - Summon Ice Beast      Ice/Summ       ####....     9%          4

Your spell library contained the following spells:

 Spells                   Type           Power        Failure   Level
 Freeze                   Ice            ####         1%          1
 Summon Small Mammal      Summ           ####         1%          1
 Frozen Ramparts          Ice            ####..       4%          3
 Ozocubu's Armour         Ice            ####....     4%          3
 Ensorcelled Hibernation  Hex/Ice        ###...       12%         2
 Summon Guardian Golem    Hex/Summ       ###.....     13%         3
 Corona                   Hex            #......      36%         1
 Sandblast                Erth           #.....       36%         1
 Summon Lightning Spire   Summ/Air       ###.....     41%         4
 Passwall                 Tmut/Erth      #.......     52%         2
 Poisonous Vapours        Pois/Air       #.....       52%         2
 Hailstorm                Conj/Ice       ###.....     63%         4
 Confusing Touch          Hex            #.......     75%         3
 Conjure Flame            Conj/Fire      #.......     75%         3
 Dazzling Flash           Conj/Hex       #.....       75%         3
 Gell's Gravitas          Tloc           #.........   75%         3
 Mephitic Cloud           Conj/Pois/Air  #.......     75%         3
 Stone Arrow              Conj/Erth      #.....       75%         3
 Tukima's Dance           Hex            #.......     75%         3
 Metabolic Englaciation   Hex/Ice        ###.......   92%         5
 Cause Fear               Hex            #.........   98%         4
 Petrify                  Tmut/Erth      #.......     98%         4
 Bolt of Magma            Conj/Fire/Erth #.........   100%        5
 Iskenderun's Battlesphe  Conj           #.......     100%        5
 Lee's Rapid Deconstruct  Erth           #.........   100%        5
 Silence                  Hex/Air        #.........   100%        5
 Yara's Violent Unravell  Hex/Tmut       #.........   100%        5
 Freezing Cloud           Conj/Ice/Air   ##........   100%        6
 Iron Shot                Conj/Erth      #.........   100%        6
 Orb of Destruction       Conj           #.........   100%        7
 Spellforged Servitor     Conj/Summ      ###.......   100%        7
 Chain Lightning          Conj/Air       #.........   100%        8
 Discord                  Hex            #.........   100%        8
 Lehudib's Crystal Spear  Conj/Erth      #.........   100%        8
 Absolute Zero            Ice            ####......   100%        9
 Fire Storm               Conj/Fire      #.........   100%        9


Dungeon Overview and Level Annotations

Branches:
Dungeon (13/15)            Temple (0/1) D:6            Lair (0/6) D:10
    Orc (0/2) D:12         Bailey (visited)
 Vaults: D:13-14

Altars:
Okawaru
The Shining One
Beogh

Shops:
D:8 *

Annotations:
D:12 3 runed translucent doors, Plog's ghost, journeyman DgVM


Message History

The rakshasa seems to be corroded for longer.
The rakshasa is heavily wounded.
The injured rakshasa weaves a defensive illusion!
You carefully extract the barbed spikes from your body.
The rakshasa misses you. x2
Unknown command.
Evoke which item? (* to show all) (? for menu, Esc to quit)
Okay, then.
Evoke which item? (* to show all) (? for menu, Esc to quit)
Aiming: Corrosive Bolt
Press: ? - help, Shift-Dir - straight line, f - rakshasa
Aim: a rakshasa, wielding a +0 trident and wearing a +0 robe (heavily wounded, covered in acid)
The bolt of acid misses the rakshasa.
The bolt of acid hits the rakshasa!
The rakshasa is splashed with acid.
The rakshasa seems to be corroded for longer.
The rakshasa is severely wounded.
The rakshasa hits you from afar with a +0 trident!
* * * LOW HITPOINT WARNING * * *
The rakshasa hits you from afar with a +0 trident!
You die...

#.#####..# ......#..#
#.#.#.#..# ......#..#
#.#.#....#
.........####..
#.#.#...............#
#@............#
#.RR..........#
...R..........#
...............#
......<.........#
..................
...................
............<.......
...............


You could see 3 rakshasas.

Vanquished Creatures
  An orc warlord (Bailey)
  A two-headed ogre (D:9)
  An unseen horror (D:10)
  2 orc knights (Bailey)
  An orc sorcerer (D:12)
  3 ugly things (D:11)
  2 manticores
  Maggie (D:8)
  The ghost of dialectric the Cudgeler, a novice GrFi of the Shining One (D:6)
  A hornet (D:10)
  3 nameless horrors
  A troll (D:12)
  4 slime creatures (D:12)
  Prince Ribbit (D:5)
  12 yaks
  2 shadows
  Grum (D:10)
  A wraith (D:11)
  An acid dragon (D:11)
  3 ice beasts
  15 orc warriors
  3 phantoms
  2 sky beasts
  A hornet zombie (D:12)
  An eye of draining (D:9)
  5 ogres
  3 wolves (D:10)
  10 centaurs
  2 big kobolds
  9 bullfrogs
  A wyvern skeleton (D:13)
  A troll zombie (D:12)
  4 scorpions
  10 killer bees
  11 wights
  7 electric eels (D:10)
  A howler monkey (D:5)
  A centaur zombie (D:7)
  A quasit (D:8)
  2 hounds
  3 jellies
  2 centaur skeletons
  5 orc priests
  4 iguanas
  6 bullfrog skeletons
  7 orc wizards
  Natasha (thrice) (D:4)
  6 worker ants
  5 ogre zombies (D:12)
  2 hound zombies
  A hound skeleton (D:7)
  2 worker ant zombies
  7 gnolls
  9 adders
  A shadow imp (D:7)
  A white imp (D:5)
  2 ufetubi
  An ooze (D:4)
  2 adder skeletons
  A worm (D:3)
  2 dart slugs
  6 leopard geckos
  53 orcs
  A giant cockroach (D:3)
  16 goblins
  11 hobgoblins
  2 jackals (D:10)
  4 quokkas
  2 ball pythons
  2 bats (D:2)
  5 frilled lizards
  A goblin zombie (D:12)
  A hobgoblin skeleton (D:12)
  3 hobgoblin zombies (D:12)
  11 kobolds
  2 leopard gecko skeletons
  A leopard gecko zombie (D:8)
  An orc skeleton (D:12)
  13 orc zombies (D:12)
  8 rats
348 creatures vanquished.

Vanquished Creatures (collateral kills)
  Sigmund (D:3)
  Edmund (D:4)
  2 orc warriors (Bailey)
  A sky beast (D:7)
  A necrophage (D:5)
  2 centaurs
  An ogre (D:4)
  A gnoll sergeant (D:7)
  A scorpion (D:3)
  2 wights (D:7)
  A hound (D:7)
  2 orc wizards
  14 gnolls
  3 adders
  An ooze (D:2)
  3 worms
  A dart slug (D:1)
  2 leopard geckos
  10 orcs
  2 bats
  A giant cockroach (D:4)
  16 goblins
  6 hobgoblins
  3 frilled lizards
  3 kobolds (D:1)
  A rat (D:1)
82 creatures vanquished.

Vanquished Creatures (others)
  A sky beast (D:6)
  An adder skeleton (D:10)
  2 jackals (D:10)
  A kobold (D:8)
  65 plants
70 creatures vanquished.

Grand Total: 500 creatures vanquished

Notes
Turn   | Place    | Note
-------+----------+-------------------------------------------
     0 | D:1      | dickylongcocking the Merfolk Summoner began the quest for
                  | the Orb.
     0 | D:1      | Reached XP level 1. HP: 13/13 MP: 3/3
   346 | D:1      | Reached XP level 2. HP: 10/19 MP: 1/5
   520 | D:1      | Learned a level 2 spell: Call Imp
  1302 | D:1      | Reached XP level 3. HP: 24/24 MP: 1/6
  1372 | D:1      | Reached skill level 5 in Summonings
  1551 | D:2      | Learned a level 3 spell: Call Canine Familiar
  2131 | D:2      | Noticed a centaur
  2144 | D:2      | Killed a centaur
  2144 | D:2      | Reached XP level 4. HP: 30/30 MP: 0/7
  2450 | D:2      | Reached XP level 5. HP: 36/36 MP: 2/8
  2690 | D:2      | Found a glowing golden altar of the Shining One.
  3099 | D:3      | Reached skill level 1 in Fighting
  3317 | D:3      | Found an iron altar of Okawaru.
  3328 | D:3      | Became a worshipper of Warmaster Okawaru
  3427 | D:3      | Noticed Sigmund
  3433 | D:3      | Killed Sigmund
  3433 | D:3      | Reached * piety under Okawaru
  3433 | D:3      | Reached skill level 1 in Polearms
  3433 | D:3      | Reached XP level 6. HP: 27/44 MP: 3/9
  3570 | D:3      | Reached skill level 2 in Polearms
  4624 | D:4      | Noticed a sky beast
  4640 | D:4      | Killed a sky beast
  4640 | D:4      | Reached skill level 3 in Polearms
  4838 | D:4      | Reached ** piety under Okawaru
  4838 | D:4      | Reached XP level 7. HP: 50/51 MP: 1/10
  4956 | D:4      | Noticed Edmund
  4967 | D:4      | Killed Edmund
  5253 | D:4      | Noticed Natasha
  5264 | D:4      | Killed Natasha
  5424 | D:4      | Reached skill level 4 in Polearms
  5467 | D:4      | Noticed Natasha
  5474 | D:4      | Killed Natasha
  5483 | D:4      | Noticed Natasha
  5490 | D:4      | Killed Natasha
  5490 | D:4      | Reached skill level 5 in Dodging
  5760 | D:5      | Entered Level 5 of the Dungeon
  6302 | D:5      | Reached XP level 8. HP: 44/60 MP: 11/11
  6306 | D:5      | Reached skill level 5 in Polearms
  6497 | D:5      | Noticed Prince Ribbit
  6521 | D:5      | Killed Prince Ribbit
  6834 | D:6      | Noticed dialectric's ghost (novice GrFi)
  6841 | D:6      | Found a runed translucent gate.
  6841 | D:6      | Found a runed translucent gate.
  6843 | D:6      | Found a runed translucent gate.
  6934 | D:6      | Reached *** piety under Okawaru
  7461 | D:6      | Found a staircase to the Ecumenical Temple.
  7584 | D:7      | Reached skill level 6 in Polearms
  7829 | D:7      | Reached skill level 5 in Fighting
  8353 | D:7      | Reached XP level 9. HP: 65/68 MP: 6/12
  8488 | D:7      | Reached skill level 7 in Polearms
  9059 | D:8      | Found a flagged portal.
  9090 | Bailey   | Entered a bailey
  9349 | Bailey   | Reached **** piety under Okawaru
  9666 | Bailey   | Learned a level 4 spell: Summon Ice Beast
 10110 | Bailey   | Reached skill level 1 in Armour
 10110 | Bailey   | Reached skill level 1 in Ice Magic
 10417 | Bailey   | Noticed an orc knight
 10417 | Bailey   | Noticed an orc warlord
 10459 | Bailey   | Reached skill level 8 in Polearms
 10488 | Bailey   | Killed an orc warlord
 10488 | Bailey   | Reached ***** piety under Okawaru
 10488 | Bailey   | Reached skill level 9 in Polearms
 10488 | Bailey   | Reached XP level 10. HP: 34/77 MP: 5/13
 10740 | Bailey   | Noticed an orc knight
 10742 | Bailey   | Killed an orc knight
 10742 | Bailey   | Received a gift from Okawaru
 11065 | Bailey   | Noticed a nameless horror
 11083 | Bailey   | Killed a nameless horror
 11228 | Bailey   | Killed an orc knight
 11461 | Bailey   | Reached skill level 15 in Polearms
 11461 | Bailey   | Reached XP level 11. HP: 83/83 MP: 14/14
 11462 | Bailey   | Reached skill level 18 in Polearms
 11462 | Bailey   | Reached XP level 12. HP: 89/89 MP: 15/15
 12018 | D:6      | Killed dialectric's ghost
 12452 | D:8      | Got a transparent chain mail
 12453 | D:8      | Identified the +1 chain mail "Muz Qaos" {MR+ Regen+ Dex+4}
                  | (You found it on level 8 of the Dungeon)
 12566 | D:8      | Noticed Maggie
 12574 | D:8      | Paralysed by Maggie for 4 turns
 12582 | D:8      | Paralysed by Maggie for 2 turns
 12586 | D:8      | Killed Maggie
 12714 | D:8      | Found Cobank's Assorted Antiques.
 12724 | D:8      | Bought a scroll of identify for 64 gold pieces
 12930 | D:8      | Reached skill level 5 in Ice Magic
 13249 | D:9      | Noticed a two-headed ogre
 13268 | D:9      | Killed a two-headed ogre
 13268 | D:9      | Reached skill level 19 in Polearms
 14381 | D:10     | Entered Level 10 of the Dungeon
 14401 | D:10     | Noticed Grum
 14402 | D:10     | Found a staircase to the Lair.
 14410 | D:10     | Killed Grum
 16033 | D:10     | Reached skill level 10 in Summonings
 16033 | D:10     | Reached XP level 13. HP: 80/96 MP: 16/16
 17132 | D:10     | Found a roughly hewn altar of Beogh.
 18647 | D:11     | Reached ****** piety under Okawaru
 18647 | D:11     | Received a gift from Okawaru
 18692 | D:11     | Got a masterwork kite shield {god gift}
 18697 | D:11     | Identified the +2 kite shield of the Elephant {rC++ Slay+2}
                  | (Okawaru gifted it to you on level 11 of the Dungeon)
 19564 | D:12     | Reached skill level 10 in Dodging
 19791 | D:12     | Found a runed translucent gate.
 19793 | D:12     | Found a runed translucent gate.
 19793 | D:12     | Found a runed translucent gate.
 20254 | D:12     | Noticed Plog's ghost (journeyman DgVM)
 20829 | D:12     | Found a staircase to the Orcish Mines.
 21190 | D:13     | Noticed a rakshasa
 21215 | D:13     | HP: 2/98 [manticore (illusionary) (10)]
 21224 | D:13     | HP: 2/98 [rakshasa/+0 trident (11)]
 21224 | D:13     | Mangled by a rakshasa (illusionary)

Illustrated notes

Levels and vault maps discovered:
D:1:      wander_arrival_fairy_ring, layout_basic
D:2:      layout_loops_ring, old_standard_altar
D:3:      layout_basic, minmay_misc_feat_alley, minmay_misc_feat_enclosed,
          okawaru_metal_pillars_1_2, uniq_sigmund
D:4:      layout_cave_pods, uniq_edmund, uniq_natasha
D:5:      layout_gridville, uniq_prince_ribbit1
D:6:      layout_loops_ring, minmay_temple_entry_mist, gammafunk_ghost_split,
          grunt_decor_clamped
D:7:      layout_gridville
D:8:      layout_loops_ring, enter_bailey_2, serial_shops,
          nicolae_shop_overgrown_old_shop, uniq_maggie
D:9:      layout_roguey
D:10:     layout_layer_cave, dpeg_oklobed_lair, special_room [special_room_orc],
          serial_bayou, serial_bayou_lagoon_a, serial_bayou_crossing,
          serial_bayou_ford_a, serial_bayou_lake_a, serial_bayou_pond_d,
          serial_bayou_shore_b, uniq_grum
D:11:     layout_small_grid, grunt_decor_cap
D:12:     layout_small_grid, zombieorc1_lemuel, gammafunk_ghost_icy,
          nicolae_twisting_strands, minmay_librarian
D:13:     layout_long_grid, gammafunk_ghost_split, serial_glass,
          glass_columns_c, glass_columns_a, glass_columns_a, glass_columns_b,
          basic_altar, uniq_azrael

Skill      XL: |  1  2  3  4  5  6  7  8  9 10 11 12 13 |
---------------+----------------------------------------+-----
Summonings     | 6 7 9 10 | 10.8
Dodging        | 3 4 5 7 8 9 10 | 10.1
Fighting       | 1 2 3 5 6 7 8 |  8.2
Polearms       | 1 3 4 6 9 15 18 19 | 19.0
Armour         | 1 2 3 |  3.8
Ice Magic      | 3 4 6 7 |  7.8
Stealth        | |  2.1
Spellcasting   | |  2.0
Invocations    | |  0.5

Action                   |  1- 3 |  4- 6 |  7- 9 | 10-12 | 13-15 || total
-------------------------+-------+-------+-------+-------+-------++-------
Melee: Short sword       |    90 |       |       |       |       ||    90
       Unarmed           |     5 |       |       |       |       ||     5
       Halberd           |       |    96 |   345 |    59 |       ||   500
       Glaive            |       |       |       |   269 |   455 ||   724
       Tailslap          |       |       |       |     2 |     1 ||     3
 Cast: Summon Small Mamm |    25 |       |     1 |       |       ||    26
       Call Imp          |    26 |    28 |    39 |     2 |       ||    95
       Call Canine Famil |     2 |    15 |    41 |     6 |       ||    64
       Summon Ice Beast  |       |       |       |     5 |       ||     5
Invok: Heroism           |       |       |     1 |     3 |     4 ||     8
Evoke: Wand              |       |       |     9 |     4 |     6 ||    19
  Use: Potion            |     1 |     5 |     6 |     6 |     2 ||    20
       Scroll            |       |       |    14 |     8 |     6 ||    28
 Stab: Sleeping          |     4 |     4 |    13 |     5 |     2 ||    28
       Distracted        |       |     3 |     2 |     1 |     1 ||     7
Armor: Robe              |    25 |    24 |       |       |       ||    49
       Skin              |     8 |       |       |       |       ||     8
       Ring mail         |       |    27 |   153 |   119 |   137 ||   436
Dodge: Dodged            |    85 |    88 |   326 |   234 |   314 ||  1047

Table legend: (Time is in decaauts)
 A = Elapsed time spent in this place.
 B = Non-inter-level travel time spent in this place.
 C = Inter-level travel time spent in this place.
 D = Time resting spent in this place.
 E = Time spent auto-exploring this place.
 F = Levels seen in this place.
 G = Mean time per level.
                   A        B        C        D        E       F      G
               +--------+--------+--------+--------+--------+-----+--------+
         Total |  21081 |  20525 |    556 |   5295 |  11722 |  14 | 1505.8 |
       Dungeon |  18549 |  17993 |    556 |   4094 |  11037 |  13 | 1426.8 |
        Bailey |   2532 |   2532 |      0 |   1201 |    685 |   1 | 2532.0 |
               +--------+--------+--------+--------+--------+-----+--------+

Top non-repeatable levels by time:
    D:10: 2774 daAuts
  Bailey: 2532 daAuts
     D:7: 1920 daAuts
    D:12: 1915 daAuts
     D:9: 1744 daAuts
     D:1: 1657 daAuts
     D:3: 1621 daAuts
     D:4: 1547 daAuts
    D:11: 1405 daAuts
     D:2: 1333 daAuts
     D:6: 1071 daAuts
     D:8: 842 daAuts
     D:5: 692 daAuts
    D:13: 22 daAuts
